 Dungeon Sprint DCSS version 0.31-a0-37-g98a128e1d9 (webtiles) character file.

Game seed: 6186581823607821206

453 sircluck the Grappler (level 6, 0/68 HPs)
             Began as a Troll Berserker on May 15, 2023.
             Was a High Priest of Trog.
             Slain by a bog body (22 damage)
             ... in the Dungeon (Sprint VII: "The Pits").
             The game lasted 00:00:37 (280 turns).

sircluck the Grappler (Troll Berserker)              Turns: 280, Time: 00:00:37

Health: 0/68       AC:  4    Str: 28    XL:     6   Next: 75%
Magic:  5/5        EV: 12    Int:  3    God:    Trog [*****.]
Gold:   0          SH:  0    Dex:  9    Spells: 5/5 levels left

rFire   . .          .
                       - Unarmed
rCold   . . .        (no shield)
rNeg    . . .        a - +0 animal skin
rPois   .            (helmet restricted)
rElec   .            (no cloak)
rCorr   .            (gloves unavailable)
SInv    .            (boots unavailable)
Will    .....        (no amulet)
Stlth   +            (no ring)
HPRegen 1.11/turn    (no ring)
MPRegen 0.09/turn

%: no teleportation
@: no status effects
A: large, unfitting armour, claws 3, regeneration 1, shaggy fur 1, tough skin 1
a: Renounce Religion, Berserk, Trog's Hand, Brothers in Arms


You were in the Dungeon.
You worshipped Trog.
Trog was extremely pleased with you.
You visited 1 branch

Inventory:

Missiles
 j - 10 stones (quivered)
Armour
 a - a +0 animal skin (worn)
Scrolls
 g - a scroll of blinking
 i - a scroll of summoning
Potions
 b - 6 potions of curing
 c - 6 potions of heal wounds
 d - a potion of haste
 e - 4 potions of magic
 f - 3 potions of berserk rage
 h - 2 potions of invisibility


   Skills:
 + Level 6.4 Fighting
 + Level 8.1 Dodging
 + Level 9.4 Unarmed Combat


You had 5 spell levels left.
You didn't know any spells.
Your spell library was empty.

Dungeon Overview and Level Annotations

Branches:
Dungeon (1/1)

Altars:
Ashenzari
Cheibriados
Dithmenos
Elyvilon
Fedhas
Gozag
Hepliaklqana
Kikubaaqudgha
Makhleb
Nemelex Xobeh
Okawaru
Qazlal
Ru
Sif Muna
Trog
Uskayaw
Vehumet
Wu Jian
Xom
Yredelemnul
Zin
The Shining One
Jiyva
Lugonu


Innate Abilities, Weirdness & Mutations

You are too large for most types of armour.
You have claws for hands.
Your natural rate of healing is unusually fast.
You are covered in fur. (AC +1)
You have tough skin. (AC +1)


Message History

You barely miss the warg.
The warg is heavily wounded.
The warg bites you.
You claw the warg!
The warg is almost dead.
The warg bites you!
You barely miss the warg.
The warg is almost dead.
The warg bites you!
You closely miss the warg.
The warg is almost dead.
The warg closely misses you.
You completely miss the warg. Your claw misses the warg.
The warg is almost dead.
The warg barely misses you. The warg bites you.
You claw the warg!
You kill the warg!
Trog accepts your kill.
Your Dodging skill increases to level 8!
Your Unarmed Combat skill increases to level 9!
No target in view!
No target in view!
No target in view!
No target in view!
No target in view!
No target in view!
No target in view!
No target in view!
There is an open door, spattered with blood here.
You open the door.
A bog body comes into view.
The bog body casts a spell at you. The bolt of cold misses you.
The bog body touches you! The bog body freezes you!!
There is an open door, spattered with blood here.
You closely miss the bog body. Your claw misses the bog body.
You claw the bog body! x2
The bog body is severely damaged.
The bog body touches you! The bog body freezes you!!
You die...

#.#...)....##.......##..#
#.#....)...##.......##..#
#'###########.......##..+
#)).....# ##########..+
#..#.#..# #..+ #.##.##.#
#..# #.......#+# #..#
#.##.##.#n+ #..#
#..#.#..#@# #..#
#.......'.# #..#
########### ####


You could see a bog body.

Vanquished Creatures
  A fire bat (D)
  A warg (D)
  A centaur (D)
  A scorpion (D)
  A jelly (D)
  A gnoll (D)
  An ufetubus (D)
  An adder skeleton (D)
  An orc (D)
  A bat skeleton (D)
  An endoplasm (D)
  A goblin (D)
  2 bats (D)
  2 frilled lizards (D)
  A rat (D)
17 creatures vanquished.

Notes
Turn   | Place    | Note
-------+----------+-------------------------------------------
     0 | D        | sircluck the Troll Berserker began the quest for the Orb.
     0 | D        | Reached XP level 1. HP: 22/22 MP: 0/0
    83 | D        | Found a bloodstained altar of Trog.
    83 | D        | Found a shimmering blue altar of Sif Muna.
    83 | D        | Found a viscous altar of Jiyva.
    83 | D        | Found a hazy altar of Hepliaklqana.
    83 | D        | Found an opulent altar of Gozag.
    84 | D        | Found a glowing golden altar of the Shining One.
    84 | D        | Found a glowing silver altar of Zin.
    84 | D        | Found a basalt altar of Yredelemnul.
    84 | D        | Found a shimmering altar of Xom.
    84 | D        | Found an ornate altar of the Wu Jian Council.
    84 | D        | Found a sacrificial altar of Ru.
    84 | D        | Found a stormy altar of Qazlal.
    84 | D        | Found an iron altar of Okawaru.
    84 | D        | Found a sparkling altar of Nemelex Xobeh.
    84 | D        | Found a burning altar of Makhleb.
    84 | D        | Found a blossoming altar of Fedhas.
    84 | D        | Found a white marble altar of Elyvilon.
    84 | D        | Found a shadowy altar of Dithmenos.
    84 | D        | Found a snail-covered altar of Cheibriados.
    86 | D        | Found a radiant altar of Vehumet.
    86 | D        | Found a corrupted altar of Lugonu.
    87 | D        | Found a hide-covered altar of Uskayaw.
    87 | D        | Found an ancient bone altar of Kikubaaqudgha.
    87 | D        | Found a broken altar of Ashenzari.
   111 | D        | Reached ** piety under Trog
   116 | D        | Noticed a scorpion
   124 | D        | Killed a scorpion
   125 | D        | Reached skill level 5 in Unarmed Combat
   125 | D        | Reached XP level 2. HP: 30/32 MP: 1/1
   125 | D        | Reached XP level 3. HP: 37/39 MP: 2/2
   137 | D        | Reached *** piety under Trog
   144 | D        | Reached XP level 4. HP: 41/49 MP: 3/3
   195 | D        | Noticed a centaur
   201 | D        | Reached **** piety under Trog
   203 | D        | Reached skill level 5 in Dodging
   203 | D        | Reached skill level 6 in Unarmed Combat
   203 | D        | Noticed a fire bat
   208 | D        | Killed a centaur
   209 | D        | Reached skill level 5 in Fighting
   209 | D        | Reached skill level 7 in Unarmed Combat
   209 | D        | Reached XP level 5. HP: 52/57 MP: 4/4
   214 | D        | Killed a fire bat
   214 | D        | Reached ***** piety under Trog
   215 | D        | Reached skill level 8 in Unarmed Combat
   215 | D        | Reached XP level 6. HP: 54/67 MP: 5/5
   237 | D        | Noticed a warg
   246 | D        | Killed a warg
   247 | D        | Reached skill level 9 in Unarmed Combat
   277 | D        | Noticed a bog body
   280 | D        | Slain by a bog body

Illustrated notes

Levels and vault maps discovered:
D:        pitsprint [storerooms_1, entrance_room_1, metal_vault_1, armoury_2,
          mini_pit_1, grid_room_1, main_hall_1, silver_pit, the_coven_1,
          the_vestibule_1, steel_vault_3, golden_pit, hallway_of_sentries,
          crystal_vault_4, iron_vault_3, final_vault]

Skill      XL: |  1  2  3  4  5  6 |
---------------+-------------------+-----
Fighting       | 4 5 6 |  6.4
Dodging        | 4 6 7 8 |  8.1
Unarmed Combat | 5 7 8 9 |  9.4

Action                     |  1- 3 |  4- 6 || total
---------------------------+-------+-------++-------
  Melee: Unarmed           |    22 |    27 ||    49
         Punch             |     2 |     2 ||     4
 Armour: Animal skin       |    10 |    21 ||    31
  Dodge: Dodged            |    24 |    31 ||    55

Table legend: (Time is in decaauts)
 A = Elapsed time spent in this place.
 B = Non-inter-level travel time spent in this place.
 C = Inter-level travel time spent in this place.
 D = Time resting spent in this place.
 E = Time spent auto-exploring this place.
 F = Levels seen in this place.
 G = Mean time per level.
                   A        B        C        D        E       F      G
               +--------+--------+--------+--------+--------+-----+--------+
         Total |    274 |    274 |      0 |      0 |    130 |   1 |  274.0 |
       Dungeon |    274 |    274 |      0 |      0 |    130 |   1 |  274.0 |
               +--------+--------+--------+--------+--------+-----+--------+

Top non-repeatable levels by time:
       D: 274 daAuts
